 Dungeon Crawl Stone Soup version 0.31-a0-1499-ge0622b2318 (webtiles) character file.

Game seed: 10123835370803869409

954 jlumianski the Ruffian (level 8, -8/90 HPs)
             Began as a Gnoll Shapeshifter on Dec 30, 2023.
             Mangled by Duvessa
             ... wielding a +2 rapier of venom
              (12 damage)
             ... on level 4 of the Dungeon.
             The game lasted 00:11:45 (2876 turns).

jlumianski the Ruffian (Gnoll Shapeshifter)         Turns: 2876, Time: 00:11:45

Health: -8/90      AC: 24    Str: 15    XL:     8   Next: 14%
Magic:  0/12       EV:  2    Int:  9    God:
Gold:   170        SH:  0    Dex: 13    Spells: 13/13 levels left

rFire   . .          .
                       - Unarmed
rCold   . . .        (no shield)
rNeg    . . .        p - melded +0 ring mail of Areck {rElec Regen+ Slay+3}
rPois   +            (helmet currently unavailable)
rElec   .            (cloak currently unavailable)
rCorr   .            (gloves currently unavailable)
SInv    .            (boots currently unavailable)
Will    .....        e - amulet of guardian spirit
Stlth   ++           (no ring)
HPRegen 0.35/turn    (no ring)
MPRegen 0.13/turn

%: guardian spirit
@: tree-form
A: stationary, stasis, torment immunity, boosted hp, (fangs 1), strong nose,
distributed training
a: no special abilities


You were on level 4 of the Dungeon.
You were a tree.
You visited 1 branch of the dungeon, and saw 5 of its levels.

You collected 170 gold pieces.

Inventory:

Missiles
 t - 2 poisoned darts
 u - 9 boomerangs (quivered)
Armour
 a - a +0 animal skin
 l - a +0 ring mail
 p - the +0 ring mail of Areck (melded) {rElec Regen+ Slay+3}
   (You found it on level 3 of the Dungeon)

   Slay+3:    It affects your accuracy & damage with ranged weapons and melee
   (+3).
   rElec:     It insulates you from electricity.
   Regen+:    It increases your rate of health regeneration.
 r - the +0 robe of Oluf {Will+ Dex+4}
   (You found it on level 3 of the Dungeon)

   Dex+4:     It affects your dexterity (+4).
   Will+:     It increases your willpower.
Jewellery
 e - an amulet of guardian spirit (around neck)
 g - an amulet of faith
Talismans
 c - a beast talisman
 d - a flux talisman
Wands
 w - a wand of charming (12)
Scrolls
 h - 2 scrolls of poison
 k - 2 scrolls of noise
 m - 3 scrolls of silence
 o - a scroll of blinking {unknown}
 q - 2 scrolls of teleportation {unknown}
 v - a scroll of vulnerability {unknown}
Potions
 i - 2 potions of brilliance
 j - 3 potions of enlightenment
 n - a potion of degeneration
 s - a potion of haste {unknown}
 x - a potion of resistance {unknown}
 z - a potion of attraction {unknown}
 A - a potion of mutation {unknown}
 B - a potion of heal wounds {unknown}


   Skills:
 + Level 4.1 Fighting
 + Level 3.1 Short Blades
 + Level 3.1 Long Blades
 + Level 3.1 Axes
 + Level 3.1 Maces & Flails
 + Level 3.1 Polearms
 + Level 3.1 Staves
 + Level 3.1 Ranged Weapons
 + Level 3.1 Throwing
 + Level 3.1 Armour
 + Level 5.6 Dodging
 + Level 3.1 Stealth
 + Level 3.1 Shields
 + Level 7.3 Unarmed Combat
 + Level 3.1 Spellcasting
 + Level 2.5 Conjurations
 + Level 2.5 Hexes
 + Level 2.5 Summonings
 + Level 2.5 Necromancy
 + Level 2.5 Translocations
 + Level 2.5 Fire Magic
 + Level 2.5 Ice Magic
 + Level 2.5 Air Magic
 + Level 2.5 Earth Magic
 + Level 2.5 Alchemy
 + Level 3.4 Invocations
 + Level 3.1 Evocations
 + Level 7.1 Shapeshifting


You had 13 spell levels left.
You didn't know any spells.
Your spell library contained the following spells:

 Spells                   Type           Power      Damage    Failure   Level
 Summon Forest            Summ/Tloc      2%         N/A       96%         5
 Eringya's Noxious Bog    Alch           2%         4d6       100%        6
 Summon Hydra             Summ           2%         N/A       100%        7


Dungeon Overview and Level Annotations

Branches:
Dungeon (5/15)
 Temple: D:4-7

Altars:

Annotations:
D:4 1 runed translucent door, Crazy Yiuf, Duvessa


Innate Abilities, Weirdness & Mutations

You are a tree.
Your roots penetrate the ground, keeping you stationary.
You cannot be teleported.
You are immune to unholy pain and torment.
Your maximum health is greatly increased.
Your equipment is partially melded.
((You have very sharp teeth.))
Your uncanny sense of smell can sniff out nearby items.
Your experience applies equally to all skills.


Message History

You hit Duvessa but do no damage.
Duvessa is moderately wounded.
You feel very sick.
Duvessa hits you with a +2 rapier of venom!
* * * LOW HITPOINT WARNING * * *
You are lethally poisoned!
You hit Duvessa.
Duvessa is moderately wounded.
* * * LOW HITPOINT WARNING * * *
You feel extremely sick. Duvessa barely misses you.
Duvessa hits you with a +2 rapier of venom!
* * * LOW HITPOINT WARNING * * *
You are more poisoned.
You feel better. Duvessa misses you.
Your transformation has ended.
You turn into a tree.
The +0 ring mail of Areck {rElec Regen+ Slay+3} melds into your body.
Your roots penetrate the ground.
Duvessa hits you but does no damage. x2
You hit Duvessa.
Duvessa is heavily wounded.
Duvessa hits you but does no damage.
You smack Duvessa!
Duvessa is severely wounded.
Duvessa hits you but does no damage.
You hit Duvessa but do no damage. You punch Duvessa, but do no damage.
Duvessa is severely wounded.
Duvessa hits you with a +2 rapier of venom!
* * * LOW HITPOINT WARNING * * *
Duvessa hits you but does no damage.
You smack Duvessa!
Duvessa is almost dead.
Duvessa hits you but does no damage.
You hit Duvessa but do no damage. You punch Duvessa.
Duvessa is almost dead.
Duvessa hits you but does no damage.
You hit Duvessa but do no damage.
Duvessa is almost dead.
Duvessa hits you with a +2 rapier of venom!
You die...

#...............'...#
...##...##...#####...####
. #.....#.......#.#.....
..#.....############...[
........## #....
..........# ##### #....
##.#..##..# #)..# #....
#.#......# #...# #....
#......e'. #.#.e♣.# ...
#.... #.......####'#....#
#+# #....
#.............#..## ♣.♣♣
#..#+ #.............'...
♣♣.♣ ##.#.
#.............##.. ♣.♣♣
#.#. #.....o.#......##.#
♣♣.♣ #.#.
#.......#......# .# ♣♣.♣♣
#.#. #..............# ##
♣♣.P.♣ ##.#.
#....###....#### ♣P..P♣
#....


You could see Duvessa (berserk).

Vanquished Creatures
  Eustachio (D:4)
  Menkaure (D:4)
  Edmund (D:4)
  A black bear (D:4)
  An ogre (D:4)
  A scorpion (D:4)
  Dowan (D:4)
  An orc priest (D:3)
  A hound (D:5)
  2 iguanas (D:3)
  7 adders
  2 ribbon worms
  4 dart slugs
  9 orcs
  6 bats
  9 endoplasms
  3 giant cockroaches
  6 goblins
  14 hobgoblins
  4 kobolds
  A quokka (D:4)
  13 ball pythons
  5 frilled lizards
  4 rats
98 creatures vanquished.

Notes
Turn   | Place    | Note
-------+----------+-------------------------------------------
     0 | D:1      | jlumianski the Gnoll Shapeshifter began the quest for the
                  | Orb.
     0 | D:1      | Reached XP level 1. HP: 17/17 MP: 1/1
    64 | D:1      | Reached XP level 2. HP: 14/23 MP: 2/2
   417 | D:1      | Reached XP level 3. HP: 28/28 MP: 3/3
   634 | D:1      | Reached skill level 1 in Invocations
   663 | D:1      | Reached skill level 1 in Short Blades
   663 | D:1      | Reached skill level 1 in Long Blades
   663 | D:1      | Reached skill level 1 in Axes
   663 | D:1      | Reached skill level 1 in Maces & Flails
   663 | D:1      | Reached skill level 1 in Polearms
   663 | D:1      | Reached skill level 1 in Staves
   663 | D:1      | Reached skill level 1 in Ranged Weapons
   663 | D:1      | Reached skill level 1 in Throwing
   663 | D:1      | Reached skill level 1 in Armour
   663 | D:1      | Reached skill level 1 in Stealth
   663 | D:1      | Reached skill level 1 in Shields
   663 | D:1      | Reached skill level 1 in Spellcasting
   663 | D:1      | Reached skill level 1 in Evocations
   802 | D:2      | Reached XP level 4. HP: 33/34 MP: 5/5
   851 | D:2      | Reached skill level 1 in Conjurations
   851 | D:2      | Reached skill level 1 in Hexes
   851 | D:2      | Reached skill level 1 in Summonings
   851 | D:2      | Reached skill level 1 in Necromancy
   851 | D:2      | Reached skill level 1 in Translocations
   851 | D:2      | Reached skill level 1 in Fire Magic
   851 | D:2      | Reached skill level 1 in Ice Magic
   851 | D:2      | Reached skill level 1 in Air Magic
   851 | D:2      | Reached skill level 1 in Earth Magic
   851 | D:2      | Reached skill level 1 in Alchemy
  1150 | D:3      | Identified the +0 ring mail of Areck {rElec Regen+ Slay+3}
  1299 | D:3      | Reached XP level 5. HP: 40/40 MP: 5/7
  1323 | D:3      | Identified the +0 robe of Oluf {Will+ Dex+4}
  1436 | D:4      | Noticed a black bear
  1533 | D:4      | Noticed Eustachio
  1554 | D:4      | Killed Eustachio
  1555 | D:4      | Reached skill level 5 in Dodging
  1555 | D:4      | Reached XP level 6. HP: 24/47 MP: 3/9
  2012 | D:3      | Found a faded altar of an unknown god.
  2188 | D:5      | Entered Level 5 of the Dungeon
  2232 | D:4      | Noticed Dowan
  2245 | D:4      | Killed Dowan
  2246 | D:4      | Reached XP level 7. HP: 32/52 MP: 7/10
  2448 | D:4      | Noticed Menkaure
  2454 | D:4      | Killed Menkaure
  2645 | D:4      | Noticed Edmund
  2646 | D:4      | Noticed Duvessa
  2726 | D:4      | Killed Edmund
  2727 | D:4      | Reached XP level 8. HP: 32/60 MP: 5/12
  2803 | D:4      | Found a runed translucent door.
  2804 | D:4      | Noticed Crazy Yiuf
  2868 | D:4      | HP: 3/60 [Duvessa/+2 rapier of venom (9)]
  2873 | D:4      | HP: 3/90 [Duvessa/+2 rapier of venom (15)]
  2876 | D:4      | Mangled by Duvessa

Illustrated notes

Levels and vault maps discovered:
D:1:      dpeg_arrival_connections, layout_basic, eino_curves_02,
          minmay_indecisive_spiral
D:2:      layout_rooms, minmay_domino_2
D:3:      layout_rooms, hellmonk_ecumenical_altar_pennies_from_heaven
D:4:      layout_basic, skrybe_limestone_x, uniq_eustachio,
          uniq_crazy_yiuf_cottage, uniq_menkaure, uniq_edmund, uniq_duvessa
D:5:      layout_basic

Skill      XL: |  1  2  3  4  5  6  7 |
---------------+----------------------+-----
Invocations    | 1 2 3 |  3.4
Short Blades   | 1 2 3 |  3.1
Long Blades    | 1 2 3 |  3.1
Axes           | 1 2 3 |  3.1
Maces & Flails | 1 2 3 |  3.1
Polearms       | 1 2 3 |  3.1
Staves         | 1 2 3 |  3.1
Ranged Weapons | 1 2 3 |  3.1
Throwing       | 1 2 3 |  3.1
Armour         | 1 2 3 |  3.1
Stealth        | 1 2 3 |  3.1
Shields        | 1 2 3 |  3.1
Spellcasting   | 1 2 3 |  3.1
Evocations     | 1 2 3 |  3.1
Conjurations   | 1 2 |  2.5
Hexes          | 1 2 |  2.5
Summonings     | 1 2 |  2.5
Necromancy     | 1 2 |  2.5
Translocations | 1 2 |  2.5
Fire Magic     | 1 2 |  2.5
Ice Magic      | 1 2 |  2.5
Air Magic      | 1 2 |  2.5
Earth Magic    | 1 2 |  2.5
Alchemy        | 1 2 |  2.5
Fighting       | 3 4 |  4.1
Dodging        | 5 |  5.6
Unarmed Combat | 7 |  7.3
Shapeshifting  | 7 |  7.1

Action                     |  1- 3 |  4- 6 |  7- 9 || total
---------------------------+-------+-------+-------++-------
  Melee: Unarmed           |    50 |   100 |    60 ||   210
         Punch             |     4 |     4 |     6 ||    14
         Bite              |     4 |    10 |     8 ||    22
  Throw: Boomerang         |       |       |     4 ||     4
    Use: Scroll            |       |     6 |       ||     6
         Potion            |       |     1 |     2 ||     3
   Stab: Sleeping          |       |     2 |       ||     2
 Armour: Animal skin       |    11 |       |       ||    11
         Ring mail         |     5 |    50 |    39 ||    94
         Skin              |       |       |     9 ||     9
  Dodge: Dodged            |    32 |    45 |    49 ||   126

Table legend: (Time is in decaauts)
 A = Elapsed time spent in this place.
 B = Non-inter-level travel time spent in this place.
 C = Inter-level travel time spent in this place.
 D = Time resting spent in this place.
 E = Time spent auto-exploring this place.
 F = Levels seen in this place.
 G = Mean time per level.
                   A        B        C        D        E       F      G
               +--------+--------+--------+--------+--------+-----+--------+
         Total |   2863 |   2798 |     65 |    122 |   1453 |   5 |  572.6 |
       Dungeon |   2863 |   2798 |     65 |    122 |   1453 |   5 |  572.6 |
               +--------+--------+--------+--------+--------+-----+--------+

Top non-repeatable levels by time:
     D:4: 828 daAuts
     D:3: 771 daAuts
     D:1: 746 daAuts
     D:2: 512 daAuts
     D:5: 5 daAuts
